 Dungeon Crawl Stone Soup version 0.28.0-53-g5a82cb258f (webtiles) character file.

Game seed: 13039010925472220213

124 DildoBatman the Conjurer (level 5, -5/38 HPs)
             Began as a Formicid Conjurer on July 14, 2022.
             Slain by Duvessa
             ... wielding a +0 short sword
              (8 damage)
             ... on level 4 of the Dungeon.
             The game lasted 00:06:55 (2965 turns).

DildoBatman the Conjurer (Formicid Conjurer)        Turns: 2965, Time: 00:06:55

Health: -5/38      AC:  2    Str: 11    XL:     5   Next: 30%
Magic:  9/9        EV: 16    Int: 18    God:
Gold:   177        SH:  0    Dex: 11    Spells: 1/10 levels left

rFire   . . .      SeeInvis +   a - +0 hunting sling
rCold   . . .      Faith    .   (no shield)
rNeg    . . .      Spirit   .   n - +0 robe
rPois   .          Reflect  .   (helmet unavailable)
rElec   .          Harm     .   (no cloak)
rCorr   .          Rampage  .   (no gloves)
Will    .....                   (no boots)
Stlth   ++........              m - amulet of magic regeneration
HPRegen 0.12/turn               v - +4 ring of evasion
MPRegen 0.51/turn               (no ring)

@: no status effects
A: permanent stasis, dig shafts and tunnels, antennae 3, four strong arms
a: Dig, Shaft Self


You were on level 4 of the Dungeon.
You visited 1 branch of the dungeon, and saw 4 of its levels.

You collected 177 gold pieces.

Inventory:

Hand Weapons
 a - a +0 hunting sling (weapon)
 b - a +1 short sword of venom
Missiles
 e - 5 curare-tipped darts
 f - 135 stones (quivered ammo)
 g - 2 throwing nets
 l - 20 arrows
 q - 21 sling bullets
 t - 4 poisoned darts
 x - 16 bolts
Armour
 n - a +0 robe (worn)
Magical Staves
 w - a staff of fire
Jewellery
 m - an amulet of magic regeneration (around neck)
 v - a +4 ring of evasion (left hand)
Scrolls
 c - a scroll of holy word {unknown}
 d - 3 scrolls of vulnerability {unknown}
 h - a scroll of silence {unknown}
 i - a scroll of noise {unknown}
 j - a scroll of identify {unknown}
 o - a scroll of torment {unknown}
 r - a scroll of fog {unknown}
Potions
 k - 2 potions of curing {unknown}
 p - a potion of ambrosia {unknown}
 s - a potion of heal wounds {unknown}
 u - a potion of might {unknown}


   Skills:
 * Level 2.1 Fighting
 * Level 2.1 Armour
 - Level 2.0 Dodging
 - Level 2.4 Stealth
 * Level 3.1 Spellcasting
 * Level 4.1 Conjurations
 * Level 0.4 Fire Magic


You had one spell level left.
You knew the following spells:

 Your Spells              Type           Power      Damage    Failure   Level
a - Searing Ray           Conj           34%        2d5       4%          2
b - Conjure Flame         Conj/Fire      11%        6-21      19%         3
c - Magic Dart            Conj           68%        1d6       3%          1
d - Vampiric Draining     Necr           2%         2d6       43%         3

Your spell library contained the following spells:

 Spells                   Type           Power      Damage    Failure   Level
 Foxfire                  Conj/Fire      44%        2x1d6     6%          1
 Animate Skeleton         Necr           4%         N/A       16%         1
 Pain                     Necr           8%         1d4       16%         1
 Scorch                   Fire           8%         2d5       21%         2
 Dazzling Flash           Conj/Hex       20%        N/A       21%         3
 Wereblood                Tmut           2%         N/A       24%         2
 Inner Flame              Hex/Fire       3%         N/A       41%         3
 Flame Wave               Conj/Fire      11%        2d5       52%         4
 Fulminant Prism          Conj/Hex       5%         3d7       56%         4
 Iskenderun's Mystic Bla  Conj/Tloc      10%        2d4       56%         4
 Ice Form                 Ice/Tmut       2%         N/A       85%         4
 Metabolic Englaciation   Hex/Ice        1%         N/A       99%         5
 Summon Cactus Giant      Summ           1%         N/A       100%        6
 Polar Vortex             Ice            1%         N/A       100%        9


Dungeon Overview and Level Annotations

Branches:
Dungeon (4/15)
 Temple: D:4-7

Altars:
Ashenzari
Uskayaw
Vehumet

Annotations:
D:3 Robin
D:4 1 exclusion, Dowan, Duvessa


Innate Abilities, Weirdness & Mutations

You cannot be hasted, slowed, berserked, paralysed or teleported.
You can dig through walls and to a lower floor.
You have a pair of large antennae on your head. (SInv)
Your four strong arms can wield two-handed weapons with a shield.


Message History

f - 131 stones (gained 20)
Things that are here:
a +0 club; a +0 hunting sling; a hobgoblin corpse
Things that are here:
a +0 club; a goblin corpse
f - 133 stones (gained 2)
You see here a +0 dagger.
f - 134 stones (gained 1)
Things that are here:
a +0 club; a goblin corpse
f - 135 stones (gained 1) Dowan shouts!
Unknown command.
Dowan smirks and points a slender finger.
Dowan gestures wildly while chanting.
Dowan blinks!
Dowan casts a spell.
Dowan blinks!
Dowan casts a spell at Duvessa.
Duvessa seems to speed up.
Duvessa barely misses you.
Duvessa says, "Where magic fails, the sword succeeds!"
Duvessa barely misses you. Duvessa misses you.
Duvessa hits you with a +0 short sword! Duvessa hits you with a +0 short sword!
There is a stone staircase leading down, spattered with blood here.
Duvessa barely misses you.
Duvessa says, "I don't care about looks, I care about technique!"
Duvessa closely misses you. Duvessa barely misses you.
Duvessa says, "I don't care about looks, I care about technique!"
Duvessa barely misses you. Duvessa hits you with a +0 short sword!
You see here a +0 dagger.
Duvessa hits you with a +0 short sword! Duvessa closely misses you.
There is a stone staircase leading up here.
Duvessa hits you with a +0 short sword!
You die...

######### #.......# #
#.#####.###############
#.###...............##.
#.##..@e..)............
#.##..#.###.....###.##.
#.##..#.# #.###.# #.###
#.......# #{# #.# #.# #
##.#.#### #.# #.# #.#
#.#.# #.# #.# #.# #.#.#
#.# ..# #.# #.#.# #e#
.## #.# #.#.# #.# # #.#


You could see Duvessa (fast).

Vanquished Creatures
  4 adders
  A worm (D:2)
  A dart slug (D:3)
  5 ball pythons
  8 bats
  7 endoplasms
  17 goblins
  6 hobgoblins
  6 jackals (D:1)
  A quokka (D:4)
  A frilled lizard (D:2)
  10 kobolds
  3 rats
  A toadstool (D:1)
71 creatures vanquished.

Vanquished Creatures (others)
  3 toadstools (D:1)
3 creatures vanquished.

Grand Total: 74 creatures vanquished

Notes
Turn   | Place    | Note
-------+----------+-------------------------------------------
     0 | D:1      | DildoBatman the Formicid Conjurer began the quest for the
                  | Orb.
     0 | D:1      | Reached XP level 1. HP: 13/13 MP: 3/3
   153 | D:1      | Reached XP level 2. HP: 20/20 MP: 3/5
   156 | D:1      | Learned a level 2 spell: Searing Ray
   270 | D:1      | Found a faded altar of an unknown god.
   535 | D:1      | Reached XP level 3. HP: 24/25 MP: 3/6
   536 | D:1      | Reached skill level 1 in Fighting
   536 | D:1      | Reached skill level 1 in Armour
  1064 | D:2      | Reached XP level 4. HP: 32/32 MP: 5/8
  1112 | D:2      | Reached skill level 4 in Conjurations
  1370 | D:2      | Got the Volume of Glacial Shape Shifting
  1873 | D:3      | Found a radiant altar of Vehumet.
  1874 | D:3      | Found a hide-covered altar of Uskayaw.
  2112 | D:4      | Found a broken altar of Ashenzari.
  2156 | D:4      | Learned a level 3 spell: Conjure Flame
  2160 | D:4      | Learned a level 3 spell: Vampiric Draining
  2334 | D:4      | Noticed Dowan
  2405 | D:4      | Reached XP level 5. HP: 38/38 MP: 7/9
  2529 | D:4      | Noticed Duvessa
  2684 | D:4      | Noticed Robin
  2965 | D:4      | Slain by Duvessa

Illustrated notes

Levels and vault maps discovered:
D:1:      ldierk_walled_garden_2, layout_basic,
          dreamdust_ecumenical_altar_grove, chequers_avenue
D:2:      layout_basic
D:3:      layout_basic, mainiacjoe_overflow_divided_tiny, grunt_decor_fettered,
          minmay_fountain_box
D:4:      layout_loops_ring, cheibrodos_ashenzari_chains, uniq_duvessa,
          uniq_robin, uniq_natasha

Skill      XL: |  1  2  3  4 |
---------------+-------------+-----
Dodging        | 2 |  2.0
Fighting       | 1 2 |  2.1
Armour         | 1 2 |  2.1
Conjurations   | 4 |  4.1
Spellcasting   | 3 |  3.1
Stealth        | |  2.4
Fire Magic     | |  0.4

Action                   |  1- 3 |  4- 6 || total
-------------------------+-------+-------++-------
Melee: Unarmed           |     2 |       ||     2
       Mace              |     4 |       ||     4
 Fire: Hunting sling     |     3 |    23 ||    26
 Cast: Magic Dart        |    40 |    29 ||    69
       Searing Ray       |     7 |    10 ||    17
Armor: Robe              |     2 |       ||     2
Dodge: Dodged            |     5 |    14 ||    19
